 Dungeon Sprint DCSS version 0.27.1-34-g3ba077fa99 (webtiles) character file.

Game seed: 4621103184015418997

315 boopmooplesden the Blocker (level 6, -3/61 HPs)
             Began as a Minotaur Fighter on Jan 12, 2022.
             Was a Believer of Okawaru.
             Slain by a snapping turtle (19 damage)
             ... in the Dungeon (Sprint VII: "The Pits").
             The game lasted 00:01:16 (621 turns).

boopmooplesden the Blocker (Minotaur Fighter)        Turns: 621, Time: 00:01:17

Health: -3/61      AC: 15    Str: 21    XL:     6   Next: 20%
Magic:  4/5        EV:  6    Int:  5    God:    Okawaru [**....]
Gold:   0          SH: 11    Dex: 11    Spells: 5/5 levels left

rFire    . . .     SeeInvis .   p - +0 hand axe (freeze)
rCold    . . .     Faith    .   c - +0 kite shield
rNeg     . . .     Spirit   .   o - +2 plate armour
rPois    .         Reflect  .   (helmet restricted)
rElec    .         Harm     .   (no cloak)
rCorr    .         Rampage  .   (no gloves)
Will     .....     NoTele   +   (no boots)
Stlth    ..........             (no amulet)
HPRegen  0.20/turn              (no ring)
MPRegen  0.09/turn              (no ring)

@: no status effects
A: horns 2, retaliatory headbutt
a: Renounce Religion, Heroism


You were in the Dungeon.
You worshipped Okawaru.
Okawaru was pleased with you.
You visited 1 branch

Inventory:

Hand Weapons
 a - a +0 war axe
 k - a +2 hand axe
 p - a +0 hand axe of freezing (weapon)
Armour
 b - a +0 scale mail
 c - a +0 kite shield (worn)
 o - a +2 plate armour (worn)
Scrolls
 j - a scroll of blinking
 m - 5 scrolls of amnesia
 n - a scroll of summoning
Potions
 d - a potion of might
 e - 6 potions of curing
 f - 6 potions of heal wounds
 g - a potion of haste
 h - 4 potions of magic
 i - 3 potions of berserk rage
 l - 2 potions of invisibility


   Skills:
 + Level 7.7 Fighting
 + Level 8.3 Axes
 + Level 8.3 Armour
 + Level 3.1 Dodging
 + Level 9.0 Shields


You had 5 spell levels left.
You didn't know any spells.
Your spell library was empty.

Dungeon Overview and Level Annotations

Branches:
Dungeon (1/1)

Altars:
Ashenzari
Cheibriados
Dithmenos
Elyvilon
Fedhas
Gozag
Hepliaklqana
Kikubaaqudgha
Makhleb
Nemelex Xobeh
Okawaru
Qazlal
Ru
Sif Muna
Trog
Uskayaw
Vehumet
Wu Jian
Xom
Yredelemnul
Zin
The Shining One
Beogh
Jiyva
Lugonu


Innate Abilities, Weirdness & Mutations

You have a pair of horns on your head.
You reflexively headbutt those who attack you in melee.


Message History

The snapping turtle is lightly wounded.
You block the snapping turtle's attack.
You slash the snapping turtle!
The snapping turtle seems to slow down.
You freeze the snapping turtle.
You headbutt the snapping turtle, but do no damage.
The snapping turtle is moderately wounded.
You hit the snapping turtle but do no damage.
The snapping turtle is moderately wounded.
The snapping turtle bites you but does no damage.
You hit the snapping turtle. You freeze the snapping turtle.
The snapping turtle is moderately wounded.
You hit the snapping turtle but do no damage.
The snapping turtle is moderately wounded.
You block the snapping turtle's attack.
You hit the snapping turtle but do no damage.
The snapping turtle is moderately wounded.
You hit the snapping turtle but do no damage.
You headbutt the snapping turtle, but do no damage.
The snapping turtle is moderately wounded.
The snapping turtle is no longer moving slowly.
The snapping turtle bites you.
You hit the snapping turtle but do no damage.
The snapping turtle is moderately wounded.
You hit the snapping turtle. You freeze the snapping turtle.
You headbutt the snapping turtle, but do no damage.
The snapping turtle is moderately wounded.
You block the snapping turtle's attack.
You hit the snapping turtle but do no damage.
You headbutt the snapping turtle!
The snapping turtle is heavily wounded.
The snapping turtle bites you!!
* * * LOW HITPOINT WARNING * * *
You hit the snapping turtle but do no damage.
You headbutt the snapping turtle!
The snapping turtle is almost dead.
You feel like a meek peon again.
You hit the snapping turtle but do no damage.
The snapping turtle is almost dead.
The snapping turtle bites you!!
You die...

#.#...))...##.......#
#)#...)))[.##.......#
#'###########.......#
#..)))..# #########
#.###...# #.#.....#
#.#...#.#+#
#.....#.#t+
#...###.#@#
#.......).#
###########


You could see a snapping turtle.

Vanquished Creatures
  A floating eye (D)
  A gnoll sergeant (D)
  An orc priest (D)
  An iguana (D)
  An orc wizard (D)
  A mummy (D)
  4 gnolls (D)
  An ufetubus (D)
  6 orcs (D)
  An endoplasm (D)
  A hobgoblin (D)
  A quokka (D)
  A ball python (D)
  A ball python skeleton (D)
  2 kobolds (D)
  A rat (D)
25 creatures vanquished.

Notes
Turn   | Place    | Note
-------+----------+-------------------------------------------
     0 | D        | boopmooplesden the Minotaur Fighter began the quest for the
                  | Orb.
     0 | D        | Reached XP level 1. HP: 19/19 MP: 0/0
    37 | D        | Found a glowing golden altar of the Shining One.
    37 | D        | Found a glowing silver altar of Zin.
    37 | D        | Found a basalt altar of Yredelemnul.
    37 | D        | Found a shimmering altar of Xom.
    37 | D        | Found an ornate altar of the Wu Jian Council.
    37 | D        | Found a bloodstained altar of Trog.
    37 | D        | Found a shimmering blue altar of Sif Muna.
    37 | D        | Found a sacrificial altar of Ru.
    37 | D        | Found a stormy altar of Qazlal.
    37 | D        | Found an iron altar of Okawaru.
    37 | D        | Found a sparkling altar of Nemelex Xobeh.
    37 | D        | Found a burning altar of Makhleb.
    37 | D        | Found a viscous altar of Jiyva.
    37 | D        | Found a hazy altar of Hepliaklqana.
    37 | D        | Found an opulent altar of Gozag.
    37 | D        | Found a blossoming altar of Fedhas.
    37 | D        | Found a white marble altar of Elyvilon.
    37 | D        | Found a shadowy altar of Dithmenos.
    37 | D        | Found a snail-covered altar of Cheibriados.
    39 | D        | Found a corrupted altar of Lugonu.
    39 | D        | Found a radiant altar of Vehumet.
    40 | D        | Found an ancient bone altar of Kikubaaqudgha.
    40 | D        | Found a hide-covered altar of Uskayaw.
    40 | D        | Found a broken altar of Ashenzari.
    44 | D        | Became a worshipper of Warmaster Okawaru
    65 | D        | Reached skill level 4 in Shields
    74 | D        | Reached XP level 2. HP: 11/28 MP: 1/1
   263 | D        | Noticed a floating eye
   268 | D        | Killed a floating eye
   268 | D        | Reached * piety under Okawaru
   269 | D        | Reached skill level 7 in Shields
   269 | D        | Reached XP level 3. HP: 37/37 MP: 2/2
   269 | D        | Reached XP level 4. HP: 44/44 MP: 3/3
   274 | D        | Reached skill level 5 in Axes
   331 | D        | Noticed a gnoll sergeant
   344 | D        | Reached XP level 5. HP: 45/51 MP: 1/4
   347 | D        | Reached skill level 8 in Shields
   374 | D        | Reached ** piety under Okawaru
   375 | D        | Reached XP level 6. HP: 27/60 MP: 5/5
   383 | D        | Reached skill level 9 in Shields
   605 | D        | Noticed a snapping turtle
   621 | D        | Slain by a snapping turtle

Illustrated notes

Levels and vault maps discovered:
D:        pitsprint [storerooms_1, entrance_room_1, metal_vault_1, armoury_1,
          mini_pit_1, grid_room_1, main_hall_1, silver_pit, the_coven_3,
          the_vestibule_1, steel_vault_3, golden_pit, hallway_of_sentries,
          crystal_vault_4, iron_vault_5, final_vault]

Skill      XL: |  1  2  3  4  5  6 |
---------------+-------------------+-----
Fighting       | 4 6 7 |  7.7
Armour         | 4 6 7 8 |  8.3
Shields        | 4 7 8 9 |  9.0
Axes           | 4 5 7 8 |  8.3
Dodging        | 2 3 |  3.1

Action                   |  1- 3 |  4- 6 || total
-------------------------+-------+-------++-------
Melee: War axe           |    17 |     4 ||    21
       Headbutt          |     2 |    20 ||    22
       Hand axe          |       |    54 ||    54
Invok: Heroism           |       |     2 ||     2
Armor: Scale mail        |    13 |     1 ||    14
       Plate armour      |       |    15 ||    15
Dodge: Dodged            |    17 |     5 ||    22
Block: Kite shield       |    16 |    10 ||    26
